Fladner, neutral male human Wizard ----------- |.........| |.........| |..+.<....| ..| |.........| -H-- |..(......| |.@. ----------- -V.. Fladner the Magician Experience level: 10 Strength: 18/03 Dexterity: 15 Constitution: 16 Intelligence: 17 Wisdom: 16 Charisma: 9 Health: 0(80) Energy: 121(131) AC: 0 Gold: 23 Moves: 11026 Your Inventory: Coins $ - 23 gold pieces Amulets p - an uncursed circular amulet named nc [versus poison] (being worn) Weapons a - a blessed rustproof [+1] athame of reflection (weapon in hand) n - 8 blessed +0 daggers (in quiver) o - an uncursed [+1] dagger named +1 Y - a blessed rustproof [+1] thirsty athame of stealth Armor b - a blessed +0 cloak of magic resistance (being worn) d - an [uncursed +0] mummy wrapping B - a blessed very rusty +4 pair of iron shoes (being worn) G - an uncursed +0 pair of old gloves [leather] (being worn) N - an uncursed +0 leather hat [elven leather helm] (being worn) S - an uncursed +0 studded leather armor (being worn) Comestibles m - 2 uncursed lembas wafers v - an uncursed tripe ration w - an uncursed pancake F - an uncursed lizard corpse Scrolls Z - 2 [uncursed] unlabeled scrolls [of blank paper] Rings e - an uncursed +2 ring of gain constitution (on left hand) R - an uncursed ring of invisibility X - an uncursed ring called quartz 150 [of poison resistance] Wands l - a cursed wand of digging named 1 [0:7] s - an uncursed wand of light named 5 [0:8] z - an uncursed wand of digging named 2 [0:3] C - an uncursed wand of undead turning (0:5) I - an uncursed wand of lightning named 3 [0:3] W - an uncursed wand of magic missile [0:4] Tools c - an uncursed key [skeleton key] g - an uncursed towel i - an uncursed bag called holding [of holding] q - an uncursed magic whistle t - an uncursed towel u - an uncursed [+0] unicorn horn L - an uncursed brass lantern V - an uncursed [wooden] harp Contents of the bag of holding: 9 blessed [+0] darts named +0 3 uncursed [+0] runed daggers named +0 [elven] a blessed scroll of taming a blessed scroll of teleportation an uncursed scroll of teleportation an uncursed ring of protection from shape changers an uncursed ring of stealth an uncursed wand of magic missile named 1 [0:4] an uncursed wand of magic missile named 2 [0:4] an uncursed leash an uncursed [+0] pick-axe Spells known in the end: Name Level Category Fail Memory a - force bolt 1 attack 0% [||||....] b - slow monster 2 enchantment 0% [||||....] c - jumping 1 escape 0% [||||||..] d - detect food 2 divination 0% [||||||||] e - create monster 2 clerical 0% [||||||||] Your skills at the end: Fighting Skills Weapon Skills dagger [Expert / Expert] quarterstaff [Basic / Expert] Spellcasting Skills attack spells [Basic / Expert] enchantment spells [Basic / Skilled] Final Attributes: You were piously aligned. Hunger level was 959. Your alignment was 64 / 65. Monster difficulty range was 1 - 10. Level difficulty was 11. You resisted sleep. You were immune to poison. You were magic-protected. You were fast. You had reflection. Your luck was zero. You are dead. Vanquished creatures: a wumpus an earth elemental 2 small mimics an ettin mummy a quantum mechanic a shocking sphere a tiger 2 tengu a stone giant a python 2 Grey-elves 3 watchmen a succubus a leprechaun an orc-captain 2 giant spiders a black light a gnome king 2 orc mummies a rust monster 2 owlbears 2 gold golems a Green-elf 2 lizards a dingo a jaguar 4 dwarf lords a blue jelly 2 white unicorns a black unicorn 2 dust vortices 2 ravens 2 snakes 3 human zombies 4 Woodland-elves a soldier ant a water nymph 2 rock piercers a rock mole a pony 2 fog clouds 4 shriekers a violet fungus 16 gnome lords 4 gnomish wizards 2 kobold mummies a black naga hatchling a golden naga hatchling 2 gray oozes a barrow wight 3 elf zombies a ghoul a straw golem 2 paper golems 2 little dogs 16 dwarves 2 kobold shamans 16 hill orcs 2 rothes a rabid rat 4 giant bats a monkey 2 orc zombies a wererat 2 werejackals an iguana 2 killer bees a coyote 5 hobbits 2 large kobolds a hobgoblin 5 giant rats 4 cave spiders a brown mold 3 yellow molds 3 green molds 2 red molds 75 gnomes a gnome zombie 4 geckos 18 jackals 2 foxes 2 kobolds 2 goblins a sewer rat 8 grid bugs a bat 5 lichens 2 kobold zombies 5 newts 309 creatures vanquished. Voluntary challenges: You used a wielded weapon 276 times. You read items or engraved 6 times. You put on armor 62 times. You never genocided any monsters. You never polymorphed an object. You never changed form. You used no wishes. You never wrote Elbereth's name. You never encountered a bones level. You never used any Sokoban shortcuts. Dungeon overview: The Dungeons of Doom: levels 1 to 3 Level 1 a fountain, a sink a long staircase Level 2 (2) an altar, some fountains stairs to The Gnomish Mines Level 3 an armor shop, a fountain, a sink The Gnomish Mines: levels 3 to 11 Level 3 stairs to The Dungeons of Doom Level 5 many shops, a temple to Thoth, a magic chest, some fountains Level 11 <- You were here History has recorded: On T:1 you entered the Dungeons of Doom to retrieve the Amulet of Yendor! On T:108 you reached level 2 of The Dungeons of Doom. On T:392 you advanced to experience level 2. On T:618 you reached level 3 of The Dungeons of Doom. On T:752 you reached level 1 of The Gnomish Mines. On T:774 you advanced to experience level 3. On T:857 you advanced to experience level 4. On T:875 you reached level 2 of The Gnomish Mines. On T:1103 you advanced to experience level 5. On T:1321 you advanced to experience level 6. On T:2131 you advanced to experience level 7. On T:3106 you reached level 3 of The Gnomish Mines. On T:3595 you advanced to experience level 8. On T:5123 you reached level 4 of The Gnomish Mines. On T:5346 you reached level 5 of The Gnomish Mines. On T:6760 you reached level 6 of The Gnomish Mines. On T:6787 you advanced to experience level 9. On T:7600 you received a rustproof thirsty athame of stealth from Thoth. On T:8498 you reached level 7 of The Gnomish Mines. On T:9615 you reached level 9 of The Gnomish Mines. On T:10807 you received a rustproof athame of reflection from Thoth. On T:10837 you advanced to experience level 10. Latest messages: A yellow mold on the floor of a room. You kill the yellow mold! You produce a strange whistling sound. Pick an object. A hole on the floor of a room. There's a gaping hole under you! You fall down a shaft! You hit the minotaur! The minotaur hits! (2x) The minotaur butts! [HP-33=47] The minotaur hits! (2x) The minotaur butts! [HP-28=19] The minotaur seems to be moving slower. The minotaur hits! (2x) You die... Final status: Goodbye Fladner the Wizard... You died in The Gnomish Mines on dungeon level 11 with 833 points, and 23 pieces of gold, after 11026 moves. You were level 10 with a maximum of 80 hit points when you died.